 Dungeon Crawl Stone Soup version 0.30-a0-782-ge64f9170bb (webtiles) character file.

Game seed: 17795211181505128678

3059 mopl the Martial Artist (level 10, -11/62 HPs)
             Began as a Djinni Transmuter on Mar 3, 2023.
             Mangled by Joseph
             ... wielding a +4 spectral quarterstaff
              (14 damage)
             ... on level 7 of the Dungeon.
             The game lasted 00:12:24 (7527 turns).

mopl the Martial Artist (Djinni Transmuter)         Turns: 7527, Time: 00:12:24

Health: -11/62     AC:  2    Str: 13    XL:     10   Next: 11%
Gold:   444        EV: 19    Int: 16    God:
                   SH:  0    Dex: 18

rFire   . . .      SeeInvis .      - Unarmed
rCold   . . .      Faith    .    (shield currently unavailable)
rNeg    . . .      Spirit   .    (body armour currently unavailable)
rPois   ∞          Reflect  .    (helmet currently unavailable)
rElec   .          Harm     .    (cloak currently unavailable)
rCorr   +          Rampage  .    (gloves currently unavailable)
Will    +....                    (boots unavailable)
Stlth   ++                       (no amulet)
HPRegen 0.30/turn                M - ring of resist corrosion
MPRegen 0.00/turn                (no ring)

@: spider-form (expiring), flying
A: venomous fangs, flying, sickness immunity, tiny, (fire resistance 2), (cold
vulnerability 1), float, innate caster, HP casting, extra vitality 1
a: End Transformation


You were on level 7 of the Dungeon.
You were a venomous arachnid creature.
You visited 2 branches of the dungeon, and saw 8 of its levels.
You also visited: Ossuary.

You collected 444 gold pieces.

Inventory:

Hand Weapons
 B - a +0 short sword of venom
Missiles
 g - 3 boomerangs
 l - 10 poisoned darts
 u - 2 curare-tipped darts
 I - 3 atropa-tipped darts
 O - 3 silver boomerangs
 Q - 3 javelins
Armour
 p - a +0 kite shield
 q - a +0 cloak of preservation (melded)
 r - a +1 ring mail of fire resistance
 H - +0 steam dragon scales (melded)
 N - a scarf of shadows
Magical Staves
 o - a staff of air
Jewellery
 M - a ring of resist corrosion (left front pincers)
Wands
 a - a wand of roots (6)
 c - a wand of flame (25)
 s - a wand of polymorph (4)
 C - a wand of digging (9)
 E - a wand of paralysis (13)
Scrolls
 e - 4 scrolls of immolation {unknown}
 h - 5 scrolls of teleportation {unknown}
 k - a scroll of fog {unknown}
 n - a scroll of acquirement {unknown}
 t - a scroll of torment {unknown}
 v - 2 scrolls of summoning {unknown}
 w - 5 scrolls of magic mapping {unknown}
 x - 2 scrolls of fear {unknown}
 y - a scroll of enchant armour {unknown}
 A - a scroll of blinking {unknown}
 G - a scroll of brand weapon {unknown}
 K - 3 scrolls of poison {unknown}
 L - a scroll of amnesia {unknown}
Potions
 b - a potion of lignification {!q}
 d - 2 potions of brilliance
 f - 5 potions of heal wounds
 i - a potion of invisibility
 j - 3 potions of curing
 m - a potion of mutation {!q}
 z - 5 potions of ambrosia {unknown}
 D - 3 potions of flight
 F - a potion of haste
 P - a potion of resistance {unknown}


   Skills:
 - Level 1.0 Fighting
 - Level 2.1 Dodging
 + Level 6.0 Shields
 * Level 10.2 Unarmed Combat
 + Level 5.4 Spellcasting


You couldn't memorise any spells.
You knew the following spells:

 Your Spells              Type           Power      Damage    Failure   Level
a - Beastly Appendage     Tmut           42%        N/A       7%          1
b - Spider Form           Tmut/Pois      21%        N/A       14%         3
c - Sandblast             Erth           42%        2d11      7%          1
d - Ice Form              Ice/Tmut       21%        N/A       34%         4
e - Static Discharge      Conj/Air       42%        2-4/arc   9%          2
f - Momentum Strike       Conj/Tloc      42%        3d9       9%          2
g - Iskenderun's Mystic   Conj/Tloc      21%        2d6       34%         4
w - Wereblood             Tmut           21%        N/A       9%          2
Your spell library was empty.

Dungeon Overview and Level Annotations

Branches:
Dungeon (7/15)             Temple (1/1) D:5         Ossuary (visited)

Altars:
Ashenzari
Cheibriados
Fedhas
Gozag
Hepliaklqana
Makhleb
Nemelex Xobeh
Ru
Trog
Uskayaw
Wu Jian
Xom
Yredelemnul
Zin
The Shining One

Shops:
D:4 (

Annotations:
D:7 Joseph


Innate Abilities, Weirdness & Mutations

You are a venomous arachnid creature.
You have venomous fangs.
You are tiny and dextrous.
You are flying.
Your spellcasting is less reliable in this form.
Your armour is entirely melded.
You are incapable of wielding weapons or throwing items.
You are immune to sickness and miasma.
You are immune to poison.
((Your flesh is very heat resistant. (rF++)))
((You are vulnerable to cold. (rC-)))
You float through the air rather than walking.
You learn spells naturally, not from books.
Your magical power is your life essence.
You have superior vitality. (+4 MHP)


Message History

Joseph shoots a sling bullet.
The sling bullet barely misses you.
There is a stone staircase leading up here.
Joseph shoots a sling bullet.
The sling bullet hits you!
You fly upwards.
There is a stone staircase leading down here.
You start resting.
HP restored.
Casting: Spider Form (dangerous; 4% risk of failure)
Confirm with . or Enter, or press ? or * to list all spells.
You turn into a venomous arachnid creature.
Your +0 cloak of preservation melds into your body.
Your +0 steam dragon scales melds into your body.
You fly downwards.
Level annotation: Joseph Joseph shoots a sling bullet.
The sling bullet misses you.
Joseph shoots a sling bullet.
The sling bullet closely misses you.
There is a stone staircase leading up here.
Joseph shoots a sling bullet.
The sling bullet closely misses you.
Joseph shoots a sling bullet.
The sling bullet misses you.
Joseph shoots a sling bullet.
The sling bullet hits you!!
Joseph drinks a potion.
Joseph seems to grow stronger.
You bite Joseph!
Joseph is poisoned.
Joseph is lightly wounded.
Joseph unwields a +0 sling.
Joseph wields a +4 spectral quarterstaff.
Joseph hits you with a +4 spectral quarterstaff!
You are too injured to fight recklessly!
You are too injured to fight recklessly!
You are too injured to fight recklessly!
You are too injured to fight recklessly!
You bite Joseph!
Joseph looks as sick as possible!
Joseph is moderately wounded.
You bite Joseph!
Joseph looks as sick as possible!
Joseph is heavily wounded.
Your transformation is almost over.
Joseph hits you with a +4 spectral quarterstaff!!
* * * LOW HITPOINT WARNING * * *
Joseph attacks as you move away!
Joseph hits you with a +4 spectral quarterstaff!
You die...

#..##...# #......##
#### ##.#...#. ###..###
# ###... #...<#.###
#... ##...)...# ##..
#..#....## ###..#
#..#....### #.....
##..@s....### ...#...
##......##.#####.##..
#...........##...##..
###..............#..#
####..................
##)#..##########....#..
#.....# #...##..
#.....# +...#..#
##....# #......#


You could see Joseph (strong, extremely poisoned).

Vanquished Creatures
  A wraith (Ossuary)
  4 steam dragons
  2 sky beasts (D:7)
  2 ice beasts
  2 black bears
  An ogre (D:6)
  A kobold brigand (D:7)
  4 phantoms
  3 necrophages
  2 scorpions
  4 killer bees (D:6)
  5 howler monkeys
  A centaur zombie (D:3)
  Crazy Yiuf (D:2)
  An orc priest (D:5)
  A gnoll bouda (D:6)
  5 hounds
  4 iguanas
  A scorpion zombie (D:3)
  A mummy (Ossuary)
  10 gnolls
  9 adders
  3 shadow imps
  4 white imps
  An ufetubus (D:5)
  An adder zombie (D:3)
  A worm (D:2)
  8 dart slugs
  9 orcs
  6 ball pythons
  8 bats
  3 endoplasms
  6 giant cockroaches
  9 goblins
  5 hobgoblins
  2 jackals (D:2)
  6 quokkas
  4 frilled lizards
  9 gnoll skeletons (Ossuary)
  13 kobolds
  5 kobold skeletons (Ossuary)
  11 orc skeletons (Ossuary)
  8 rats
187 creatures vanquished.

Vanquished Creatures (others)
  9 fungi (D:5)
9 creatures vanquished.

Grand Total: 196 creatures vanquished

Notes
Turn   | Place    | Note
-------+----------+-------------------------------------------
     0 | D:1      | mopl the Djinni Transmuter began the quest for the Orb.
     0 | D:1      | mopl set off with the following spells memorised: Beastly
                  | Appendage, Wereblood, Spider Form, Ice Form.
     0 | D:1      | Reached XP level 1. HP: 17/17 MP: 0/0
   182 | D:1      | Reached XP level 2. HP: 22/22 MP: 0/0
   738 | D:1      | Reached XP level 3. HP: 27/27 MP: 0/0
   738 | D:1      | Learned a level 1 spell: Sandblast
   789 | D:1      | Reached skill level 2 in Spellcasting
   920 | D:2      | Reached skill level 4 in Unarmed Combat
   960 | D:2      | Reached XP level 4. HP: 25/32 MP: 0/0
  1232 | D:2      | Reached XP level 5. HP: 37/37 MP: 0/0
  1232 | D:2      | Learned a level 2 spell: Static Discharge
  1324 | D:2      | Found a runed translucent door.
  1325 | D:2      | Noticed Crazy Yiuf
  1801 | D:2      | Reached skill level 5 in Unarmed Combat
  2065 | D:2      | Killed Crazy Yiuf
  2170 | D:3      | Reached XP level 6. HP: 20/42 MP: 0/0
  2184 | D:3      | Reached skill level 1 in Shields
  2301 | D:3      | Found a basalt altar of Yredelemnul.
  3175 | D:3      | Found a faded altar of an unknown god.
  3437 | D:4      | Reached skill level 3 in Spellcasting
  3506 | D:4      | Found Noent's Antique Weapon Shop.
  3720 | D:4      | Reached skill level 2 in Shields
  3720 | D:4      | Reached skill level 6 in Unarmed Combat
  3720 | D:4      | Reached XP level 7. HP: 33/47 MP: 0/0
  3720 | D:4      | Learned a level 2 spell: Momentum Strike
  4146 | D:5      | Entered Level 5 of the Dungeon
  4445 | D:5      | Reached XP level 8. HP: 29/52 MP: 0/0
  4555 | D:5      | Found a staircase to the Ecumenical Temple.
  4566 | D:5      | Reached skill level 3 in Shields
  4566 | D:5      | Reached skill level 7 in Unarmed Combat
  4575 | Temple   | Entered the Ecumenical Temple
  4905 | D:5      | Reached skill level 4 in Spellcasting
  5226 | D:5      | Reached skill level 4 in Shields
  5226 | D:5      | Reached skill level 8 in Unarmed Combat
  5416 | D:6      | Reached XP level 9. HP: 43/57 MP: 0/0
  5416 | D:6      | Learned a level 4 spell: Iskenderun's Mystic Blast
  5506 | D:6      | Found a sand-covered staircase.
  5516 | Ossuary  | Entered an ossuary
  5904 | D:6      | Reached skill level 9 in Unarmed Combat
  5912 | D:6      | Reached skill level 5 in Shields
  6600 | D:6      | Found a broken altar of Ashenzari.
  6683 | D:6      | Reached skill level 5 in Spellcasting
  6962 | D:7      | Reached skill level 10 in Unarmed Combat
  6962 | D:7      | Reached XP level 10. HP: 62/62 MP: 0/0
  7086 | D:7      | Noticed Joseph
  7257 | D:6      | Reached skill level 6 in Shields
  7525 | D:7      | HP: 3/62 [Joseph/+4 spectral quarterstaff (29)]
  7527 | D:7      | Mangled by Joseph

Illustrated notes

Levels and vault maps discovered:
D:1:      roderic_crop_circles_arrival_large, layout_loops_corners,
          serial_park_tiny_pond, minmay_worlds_worst_comb
D:2:      layout_basic, kennysheep_path_1, uniq_crazy_yiuf_cottage
D:3:      layout_basic, nicolae_yredelemnul_corpse_copse,
          dilly_ecumenical_altar_fadedgnrine
D:4:      layout_loops_corners, serial_shops, nicolae_lakefront_shop
D:5:      kennysheep_steamy, layout_rooms, minmay_temple_entry_hall,
          grunt_decor_junction, minmay_misc_feat_chi, kennysheep_generic_room_2
D:6:      layout_cave_pods, old_standard_altar, enter_ossuary_1, corner_web_ring
D:7:      layout_cave_pools, minivault_25, grunt_ministairs_2, uniq_joseph
Temple:   nicolae_temple_superstar

Skill      XL: |  1  2  3  4  5  6  7  8  9 10 |
---------------+-------------------------------+-----
Spellcasting   | 2 3 4 5 |  5.4
Unarmed Combat | 4 5 6 8 10 | 10.2
Shields        | 2 4 5 6 |  6.0
Fighting       | |  1.0
Dodging        | |  2.1

Action                     |  1- 3 |  4- 6 |  7- 9 | 10-12 || total
---------------------------+-------+-------+-------+-------++-------
  Melee: Unarmed           |    98 |   213 |   312 |    28 ||   651
         Headbutt          |    11 |    22 |    26 |       ||    59
         Punch             |     1 |    12 |    15 |       ||    28
  Throw: Dart              |       |       |     3 |       ||     3
   Cast: Beastly Appendage |    20 |    26 |    16 |       ||    62
         Wereblood         |     1 |       |    10 |       ||    11
         Spider Form       |       |     5 |     7 |     2 ||    14
         Ice Form          |       |       |     3 |     1 ||     4
  Evoke: Wand              |       |       |     1 |       ||     1
    Use: Scroll            |       |       |    10 |       ||    10
         Potion            |       |       |     1 |     1 ||     2
   Stab: Sleeping          |     2 |     1 |       |       ||     3
         Paralysed         |       |       |     2 |       ||     2
 Armour: Robe              |    20 |    38 |    11 |       ||    69
         Skin              |       |       |    19 |    12 ||    31
         Steam dragon scal |       |       |    29 |       ||    29
  Dodge: Dodged            |    46 |   144 |   177 |    22 ||   389

Table legend: (Time is in decaauts)
 A = Elapsed time spent in this place.
 B = Non-inter-level travel time spent in this place.
 C = Inter-level travel time spent in this place.
 D = Time resting spent in this place.
 E = Time spent auto-exploring this place.
 F = Levels seen in this place.
 G = Mean time per level.
                   A        B        C        D        E       F      G
               +--------+--------+--------+--------+--------+-----+--------+
         Total |   7487 |   7237 |    250 |   1537 |   4061 |   9 |  831.9 |
       Dungeon |   7049 |   6824 |    225 |   1432 |   3945 |   7 | 1007.0 |
        Temple |    110 |     85 |     25 |      0 |     71 |   1 |  110.0 |
       Ossuary |    326 |    326 |      0 |    105 |     45 |   1 |  326.0 |
               +--------+--------+--------+--------+--------+-----+--------+

Top non-repeatable levels by time:
     D:6: 1531 daAuts
     D:2: 1210 daAuts
     D:3: 1096 daAuts
     D:4: 1068 daAuts
     D:5: 949 daAuts
     D:1: 902 daAuts
 Ossuary: 326 daAuts
     D:7: 291 daAuts
  Temple: 110 daAuts
